 Dungeon Crawl Stone Soup version 0.29.0-5-ge4962eb29e (webtiles) character file.

Game seed: 4907926047058627778

369 apoch the Covered (level 6, -4/52 HPs)
             Began as a Minotaur Fighter on Aug 28, 2022.
             Succumbed to Edmund's poison
             ... on level 5 of the Dungeon.
             The game lasted 00:02:49 (4354 turns).

apoch the Covered (Minotaur Fighter)                Turns: 4354, Time: 00:02:49

Health: -4/52      AC:  8    Str: 23    XL:     6   Next: 41%
Magic:  5/5        EV:  9    Int:  5    God:
Gold:   223        SH:  4    Dex:  9    Spells: 5/5 levels left

rFire   . . .      SeeInvis .   a - +0 war axe
rCold   . . .      Faith    .   c - +0 buckler
rNeg    . . .      Spirit   .   b - +0 scale mail
rPois   .          Reflect  .   (helmet restricted)
rElec   .          Harm     .   (no cloak)
rCorr   .          Rampage  .   (no gloves)
Will    .....                   e - +0 pair of boots
Stlth   ..........              (no amulet)
HPRegen 0.17/turn               (no ring)
MPRegen 0.09/turn               (no ring)

@: mighty, lethally poisoned (-4 -> -36)
A: horns 2, retaliatory headbutt
a: no special abilities


You were on level 5 of the Dungeon.
You visited 1 branch of the dungeon, and saw 5 of its levels.

You collected 223 gold pieces.

Inventory:

Hand Weapons
 a - a +0 war axe (weapon)
Missiles
 f - 4 poisoned darts
 h - 2 boomerangs
 q - a javelin (quivered)
Armour
 b - a +0 scale mail (worn)
 c - a +0 buckler (worn)
 e - a +0 pair of boots (worn)
Jewellery
 j - a ring of protection from cold
 r - a ring of see invisible
 s - an amulet of faith
 u - a ring of flight
 w - a ring of willpower
Scrolls
 g - a scroll of brand weapon {unknown}
 i - a scroll of noise {unknown}
 k - a scroll of teleportation {unknown}
 n - a scroll of silence {unknown}
 o - 7 scrolls of identify {unknown}
 t - a scroll of torment {unknown}
 v - a scroll of enchant weapon {unknown}
 y - a scroll of vulnerability {unknown}
 z - a scroll of magic mapping {unknown}
 A - 3 scrolls of fog {unknown}
Potions
 d - 2 potions of might
 l - 3 potions of curing {unknown}
 m - a potion of invisibility {unknown}
 p - a potion of brilliance {unknown}
 x - a potion of mutation {unknown}
 B - a potion of lignification {unknown}


   Skills:
 + Level 4.2 Fighting
 + Level 4.5 Axes
 + Level 2.3 Throwing
 + Level 5.9 Armour
 + Level 1.1 Dodging
 + Level 0.7 Stealth
 + Level 4.2 Shields


You had 5 spell levels left.
You didn't know any spells.
Your spell library contained the following spells:

 Spells                   Type           Power      Damage    Failure   Level
 Foxfire                  Conj/Fire      0%         2x1d4     86%         1
 Magic Dart               Conj           0%         1d3       86%         1
 Searing Ray              Conj           0%         2d4       94%         2
 Conjure Flame            Conj/Fire      0%         6-21      99%         3
 Inner Flame              Hex/Fire       0%         N/A       99%         3
 Flame Wave               Conj/Fire      0%         2d4       100%        4
 Fulminant Prism          Conj/Hex       0%         3d6       100%        4


Dungeon Overview and Level Annotations

Branches:
Dungeon (5/15)
 Temple: D:4-7

Altars:
Qazlal

Shops:
D:3 (

Annotations:
D:5 Edmund


Innate Abilities, Weirdness & Mutations

You have a pair of horns on your head.
You reflexively headbutt those who attack you in melee.


Message History

q - 2 javelins (gained 1)
q - 3 javelins (gained 1) Edmund the Younger comes into view.
He is wielding a +6 flail of venom.
You see here a +0 sling.
You throw a javelin. The javelin barely misses Edmund.
You throw a javelin.
The javelin pierces through Edmund but does no damage.
You feel very mighty all of a sudden.
You closely miss Edmund. Edmund hits you but does no damage.
You are poisoned.
You closely miss Edmund.
You feel very sick.
Edmund hits you with a +6 flail of venom!
You closely miss Edmund.
You feel sick. Edmund barely misses you. Edmund closely misses you.
You barely miss Edmund.
You feel sick. Edmund closely misses you.
You barely miss Edmund.
You feel sick.
Edmund hits you with a +6 flail of venom.
You are more poisoned.
You hit Edmund. Your headbutt misses Edmund.
Edmund is lightly wounded.
You feel very sick. Edmund hits you but does no damage.
You are more poisoned.
You closely miss Edmund. You headbutt Edmund.
Edmund is lightly wounded.
You feel very sick.
Edmund hits you with a +6 flail of venom!
You are lethally poisoned!
Edmund hits you with a +6 flail of venom.
* * * LOW HITPOINT WARNING * * *
You are more poisoned.
You hit Edmund.
Edmund is lightly wounded.
* * * LOW HITPOINT WARNING * * *
You feel extremely sick. You block Edmund's attack.
You slash Edmund! You headbutt Edmund.
Edmund is severely wounded.
You die...

#.##..... .##........ ....#(...
#...(..## #.# ####......#
....###.#.......##...
#............@.....#
........#...#@# ........##...##
#...........## #.##............#
##..............##.
...#................
...#..#.........##.# ....###... #
......###..........# ... .....##.
.......###...#...###..........#..


You could see Edmund.

Vanquished Creatures
  An ice beast (D:5)
  A necrophage (D:4)
  3 iguanas
  Terence (D:2)
  4 adders
  An ufetubus (D:4)
  2 worms
  2 dart slugs
  7 ball pythons
  5 endoplasms
  3 giant cockroaches
  7 goblins
  4 hobgoblins
  2 jackals (D:2)
  3 quokkas
  8 bats
  4 frilled lizards
  2 kobolds (D:1)
  8 rats
  A spectral goblin (D:1)
69 creatures vanquished.

Vanquished Creatures (others)
  A plant (D:2)
1 creature vanquished.

Grand Total: 70 creatures vanquished

Notes
Turn   | Place    | Note
-------+----------+-------------------------------------------
     0 | D:1      | apoch the Minotaur Fighter began the quest for the Orb.
     0 | D:1      | Reached XP level 1. HP: 19/19 MP: 0/0
   243 | D:1      | Reached XP level 2. HP: 26/27 MP: 1/1
   422 | D:1      | Reached skill level 4 in Armour
   960 | D:1      | Found a faded altar of an unknown god.
  1157 | D:1      | Reached XP level 3. HP: 33/33 MP: 2/2
  1817 | D:2      | Reached XP level 4. HP: 40/40 MP: 3/3
  1824 | D:2      | Noticed Terence
  1833 | D:2      | Killed Terence
  1906 | D:2      | Identified the +4 sling of Death {venom, rPois Str+3}
  2516 | D:3      | Found Nick's Antique Weapon Shoppe.
  2841 | D:3      | You fall into a shaft and drop 2 floors!
  2841 | D:5      | Entered Level 5 of the Dungeon
  2927 | D:3      | Reached skill level 5 in Armour
  3042 | D:3      | Reached XP level 5. HP: 46/46 MP: 4/4
  3669 | D:4      | Reached skill level 1 in Throwing
  3669 | D:4      | Reached skill level 1 in Dodging
  3919 | D:4      | Found a stormy altar of Qazlal.
  4120 | D:5      | Noticed an ice beast
  4128 | D:5      | Killed an ice beast
  4129 | D:5      | Reached XP level 6. HP: 38/52 MP: 5/5
  4342 | D:5      | Noticed Edmund
  4354 | D:5      | Succumbed to Edmund's poison

Illustrated notes

Levels and vault maps discovered:
D:1:      lemuel_arrival_hallway, layout_basic,
          dreamdust_ecumenical_altar_drowned_temple, st_stairs_2
D:2:      layout_basic, minmay_splitting_lines, serial_bayou_ford_a,
          minmay_small_reverse_x, uniq_terence
D:3:      layout_loops_ring, serial_shops, nicolae_square_shop
D:4:      layout_rooms, mainiacjoe_overflow_24_doors
D:5:      layout_cave_pools, minmay_temple_entry_trees, minmay_joined_circles,
          uniq_edmund, uniq_blork_the_orc

Skill      XL: |  1  2  3  4  5 |
---------------+----------------+-----
Armour         | 4 5 |  5.9
Shields        | 4 |  4.2
Fighting       | 4 |  4.2
Axes           | 3 4 |  4.5
Throwing       | 2 |  2.3
Dodging        | 1 |  1.1
Stealth        | |  0.7

Action                   |  1- 3 |  4- 6 || total
-------------------------+-------+-------++-------
Melee: War axe           |    93 |    67 ||   160
       Headbutt          |     7 |     9 ||    16
Throw: Stone             |     2 |     9 ||    11
       Javelin           |       |    47 ||    47
  Use: Potion            |       |     1 ||     1
Armor: Scale mail        |    37 |    28 ||    65
Dodge: Dodged            |    52 |    27 ||    79
Block: Buckler           |    21 |    13 ||    34
